 Dungeon Crawl Stone Soup version 0.30-a0-591-g3c58d2bc28 (webtiles) character file.

Game seed: 13159363038875160903

914 brightshaft the Grasshopper (level 8, 0/63 HPs)
             Began as a Gnoll Warper on Jan 4, 2023.
             Slain by an ogre
             ... wielding a +0 giant club
              (15 damage)
             ... on level 5 of the Dungeon.
             The game lasted 00:13:44 (4793 turns).

brightshaft the Grasshopper (Gnoll Warper)          Turns: 4793, Time: 00:13:45

Health: 0/63       AC:  5    Str: 12    XL:     8   Next: 9%
Magic:  14/16      EV: 13    Int: 20    God:
Gold:   194        SH:  5    Dex: 11    Spells: 6/18 levels left

rFire   . . .      SeeInvis .    p - +1 long sword
rCold   . . .      Faith    .    (no shield)
rNeg    . . .      Spirit   .    b - +0 leather armour
rPois   .          Reflect  +    e - +1 helmet
rElec   .          Harm     .    (no cloak)
rCorr   +          Rampage  .    (no gloves)
Will    .....                    (no boots)
Stlth   ++                       k - amulet of reflection
HPRegen 0.30/turn                h - +6 ring of intelligence
MPRegen 0.15/turn                i - ring of resist corrosion

@: no status effects
A: fangs 1, strong nose, distributed training
a: no special abilities


You were on level 5 of the Dungeon.
You visited 1 branch of the dungeon, and saw 5 of its levels.
You also visited: Ossuary.

You collected 194 gold pieces.

Inventory:

Hand Weapons
 a - a +0 falchion
 p - a +1 long sword (weapon)
Missiles
 d - 3 boomerangs of dispersal
Armour
 b - a +0 leather armour (worn)
 e - a +1 helmet (worn)
 f - a +0 ring mail
Jewellery
 h - a +6 ring of intelligence (left hand)
 i - a ring of resist corrosion (right hand)
 j - an amulet of regeneration
 k - an amulet of reflection (around neck)
Wands
 t - a wand of iceblast (12)
Scrolls
 c - a scroll of blinking
 g - 2 scrolls of teleportation {@r4}
 m - a scroll of magic mapping
 o - 2 scrolls of identify {@r1}
 v - a scroll of vulnerability {unknown}
Potions
 l - 2 potions of flight
 n - 2 potions of curing {@q1}
 q - 2 potions of heal wounds {unknown}
 r - a potion of haste {unknown}
 s - a potion of cancellation {unknown}
 u - a potion of mutation {unknown}
 w - a potion of brilliance {unknown}
 x - a potion of ambrosia {unknown}


   Skills:
 + Level 5.5 Fighting
 + Level 3.0 Short Blades
 + Level 5.5 Long Blades
 + Level 3.0 Axes
 + Level 3.0 Maces & Flails
 + Level 3.0 Polearms
 + Level 3.0 Staves
 + Level 3.0 Ranged Weapons
 + Level 4.0 Throwing
 + Level 4.0 Armour
 + Level 5.5 Dodging
 + Level 3.0 Stealth
 + Level 3.0 Shields
 + Level 3.0 Unarmed Combat
 + Level 5.9 Spellcasting
 + Level 2.4 Conjurations
 + Level 2.4 Hexes
 + Level 2.4 Summonings
 + Level 2.4 Necromancy
 + Level 6.0 Translocations
 + Level 2.4 Transmutations
 + Level 2.4 Fire Magic
 + Level 2.4 Ice Magic
 + Level 2.4 Air Magic
 + Level 2.4 Earth Magic
 + Level 2.4 Poison Magic
 + Level 3.3 Invocations
 + Level 3.0 Evocations


You had 6 spell levels left.
You knew the following spells:

 Your Spells              Type           Power      Damage    Failure   Level
a - Blink                 Tloc           60%        N/A       1%          2
b - Sting                 Tmut/Pois      60%        1d6       4%          1
c - Poisonous Vapours     Pois/Air       30%        N/A       8%          2
d - Manifold Assault      Tloc           30%        N/A       11%         4
e - Vhi's Electric Charg  Tloc/Air       46%        N/A       7%          3

Your spell library contained the following spells:

 Spells                   Type           Power      Damage    Failure   Level
 Lesser Beckoning         Tloc           60%        N/A       3%          3
 Teleport Other           Tloc           30%        N/A       3%          3
 Ignite Poison            Fire/Tmut/Pois 15%        N/A       14%         3
 Olgreb's Toxic Radiance  Pois           15%        N/A       43%         4
 Sticky Flame             Conj/Fire      15%        2d4       43%         4
 Summon Forest            Summ/Tloc      11%        N/A       54%         5
 Eringya's Noxious Bog    Tmut/Pois      7%         N/A       100%        6
 Summon Hydra             Summ           7%         N/A       100%        7
 Ignition                 Fire           7%         3d5       100%        8
 Chain Lightning          Conj/Air       7%         3d10      100%        9
 Fire Storm               Conj/Fire      7%         8d2       100%        9
 Shatter                  Erth           7%         3d10*     100%        9


Dungeon Overview and Level Annotations

Branches:
Dungeon (5/15)            Ossuary (visited)
 Temple: D:4-7

Altars:
Xom
Yredelemnul
Zin
The Shining One

Shops:
D:3 (

Annotations:
D:5 1 runed translucent door, Newt's ghost, novice DsGl


Innate Abilities, Weirdness & Mutations

You have very sharp teeth.
Your uncanny sense of smell can sniff out nearby items.
Your experience applies equally to all skills.


Message History

The ogre hits you with a +0 giant club!!
Casting: Vhi's Electric Charge (dangerous; 7% risk of failure)
Confirm with . or Enter, or press ? or * to list all spells.
Okay, then.
Casting: Vhi's Electric Charge (dangerous; 7% risk of failure)
Confirm with . or Enter, or press ? or * to list all spells.
You blink.
You feel stable enough to blink again.
Your magical contamination has completely faded away.
There is a stone staircase leading up here.
An ogre comes into view. It is wielding a +0 giant club.
The ogre shouts!
You charge forward with an electric crackle!
An adder comes into view.
The adder hisses angrily.
You slash the ogre and electrocute it!
The ogre is moderately wounded.
The ogre completely misses you.
You hit the ogre.
The ogre is heavily wounded.
The ogre hits you with a +0 giant club!!
You hit the ogre but do no damage.
The ogre is heavily wounded.
The ogre barely misses you.
You slash the ogre!
The ogre is severely wounded.
The adder bites you. You block the adder's attack.
You hit the ogre.
The ogre is severely wounded.
The ogre hits you with a +0 giant club!!
* * * LOW HITPOINT WARNING * * *
You block the adder's attack.
You closely miss the ogre.
The ogre is severely wounded.
The adder bites you but does no damage. You block the ogre's attack.
The adder barely misses you.
You barely miss the ogre.
The ogre is severely wounded.
You block the adder's attack. The ogre hits you with a +0 giant club!
You die...

.# #.###......##. ..##
##.###.... ... ##.#
##... #.. #..# #... #
..# ##.## #... #. #.#
#..### #... #.
##.####....##....
..##..##...............#
......O@...###...####..#
......S.#..# ##...# #..#
....###...## ###.# ....
.## #... #.. .## #.#.#
.#. # .##.# ## . # ##
##. ##


You could see an ogre and an adder.

Vanquished Creatures
  A centaur (D:5)
  2 scorpions (D:5)
  6 water moccasin zombies (Ossuary)
  2 hounds
  2 iguanas (D:5)
  7 gnolls
  9 adders
  A white imp (D:5)
  An adder zombie (Ossuary)
  2 worms
  3 dart slugs
  5 orcs
  4 bats
  7 endoplasms
  2 giant cockroaches (D:2)
  3 gnoll zombies (Ossuary)
  7 goblins
  2 hobgoblins
  13 jackals
  7 kobolds
  3 quokkas
  3 ball pythons (D:1)
  A frilled lizard (D:1)
  4 hobgoblin zombies (Ossuary)
  6 kobold zombies (Ossuary)
  6 orc zombies (Ossuary)
  8 rats
117 creatures vanquished.

Vanquished Creatures (others)
  2 plants (D:4)
2 creatures vanquished.

Grand Total: 119 creatures vanquished

Notes
Turn   | Place    | Note
-------+----------+-------------------------------------------
     0 | D:1      | brightshaft the Gnoll Warper began the quest for the Orb.
     0 | D:1      | Reached XP level 1. HP: 20/20 MP: 6/6
   193 | D:1      | Reached XP level 2. HP: 26/26 MP: 7/7
   362 | D:1      | You fall into a shaft and drop 1 floor!
   433 | D:2      | HP: 1/26 [orc/+0 club (3)]
   435 | D:2      | Reached skill level 5 in Spellcasting
   435 | D:2      | Reached XP level 3. HP: 2/31 MP: 7/9
   595 | D:2      | Reached skill level 1 in Invocations
   610 | D:2      | Found a faded altar of an unknown god.
   634 | D:2      | Learned a level 2 spell: Blink
   636 | D:2      | Learned a level 1 spell: Sting
   849 | D:2      | Reached skill level 1 in Short Blades
   849 | D:2      | Reached skill level 1 in Axes
   849 | D:2      | Reached skill level 1 in Maces & Flails
   849 | D:2      | Reached skill level 1 in Polearms
   849 | D:2      | Reached skill level 1 in Staves
   849 | D:2      | Reached skill level 1 in Ranged Weapons
   849 | D:2      | Reached skill level 1 in Stealth
   849 | D:2      | Reached skill level 1 in Shields
   849 | D:2      | Reached skill level 1 in Unarmed Combat
   849 | D:2      | Reached skill level 1 in Evocations
   861 | D:2      | Reached XP level 4. HP: 26/38 MP: 6/11
   881 | D:2      | Reached skill level 1 in Conjurations
   881 | D:2      | Reached skill level 1 in Hexes
   881 | D:2      | Reached skill level 1 in Summonings
   881 | D:2      | Reached skill level 1 in Necromancy
   881 | D:2      | Reached skill level 1 in Transmutations
   881 | D:2      | Reached skill level 1 in Fire Magic
   881 | D:2      | Reached skill level 1 in Ice Magic
   881 | D:2      | Reached skill level 1 in Air Magic
   881 | D:2      | Reached skill level 1 in Earth Magic
   881 | D:2      | Reached skill level 1 in Poison Magic
  1059 | D:2      | Found a glowing silver altar of Zin.
  1436 | D:3      | Learned a level 2 spell: Poisonous Vapours
  1516 | D:3      | Reached XP level 5. HP: 39/43 MP: 7/12
  1703 | D:3      | Found Borghopou's Antique Weapon Shop.
  1847 | D:3      | Found a basalt altar of Yredelemnul.
  1849 | D:3      | Noticed a profane servitor
  1898 | D:3      | Found a glowing golden altar of the Shining One.
  1900 | D:3      | Noticed an angel
  2540 | D:4      | Found a sand-covered staircase.
  2559 | D:4      | Learned a level 4 spell: Manifold Assault
  2560 | Ossuary  | Entered an ossuary
  2641 | Ossuary  | Reached skill level 5 in Fighting
  2641 | Ossuary  | Reached skill level 5 in Long Blades
  2641 | Ossuary  | Reached skill level 5 in Dodging
  2641 | Ossuary  | Reached XP level 6. HP: 27/51 MP: 3/14
  2944 | Ossuary  | Reached XP level 7. HP: 47/56 MP: 15/15
  3069 | Ossuary  | HP: 1/56 [water moccasin zombie (5)]
  3348 | D:4      | Found a shimmering altar of Xom.
  3921 | D:5      | Entered Level 5 of the Dungeon
  4035 | D:5      | Found a runed translucent door.
  4035 | D:5      | Noticed Newt's ghost (novice DsGl)
  4191 | D:5      | Reached skill level 6 in Translocations
  4277 | D:5      | Learned a level 3 spell: Vhi's Electric Charge
  4315 | D:5      | Reached XP level 8. HP: 62/63 MP: 12/16
  4793 | D:5      | Slain by an ogre

Illustrated notes

Levels and vault maps discovered:
D:1:      lightli_arrival_farm, layout_basic
D:2:      layout_loops_ring, basic_altar, ebering_ecumenical_altar_sacrificial
D:3:      layout_loops_ring, grunt_temple_overflow_holy_war, serial_shops,
          shop_statue
D:4:      layout_rooms, mainiacjoe_overflow_boulevard,
          nicolae_ossuary_entry_plus, minmay_crossroads
D:5:      layout_layer_cave, gammafunk_ghost_grave, nrook_campfire,
          water_boxes_lemuel

Skill      XL: |  1  2  3  4  5  6  7 |
---------------+----------------------+-----
Spellcasting   | 5 |  5.9
Invocations    | 1 2 3 |  3.3
Short Blades   | 1 2 3 |  3.0
Axes           | 1 2 3 |  3.0
Maces & Flails | 1 2 3 |  3.0
Polearms       | 1 2 3 |  3.0
Staves         | 1 2 3 |  3.0
Ranged Weapons | 1 2 3 |  3.0
Stealth        | 1 2 3 |  3.0
Shields        | 1 2 3 |  3.0
Unarmed Combat | 1 2 3 |  3.0
Evocations     | 1 2 3 |  3.0
Conjurations   | 1 2 |  2.4
Hexes          | 1 2 |  2.4
Summonings     | 1 2 |  2.4
Necromancy     | 1 2 |  2.4
Transmutations | 1 2 |  2.4
Fire Magic     | 1 2 |  2.4
Ice Magic      | 1 2 |  2.4
Air Magic      | 1 2 |  2.4
Earth Magic    | 1 2 |  2.4
Poison Magic   | 1 2 |  2.4
Throwing       | 3 4 |  4.0
Armour         | 3 4 |  4.0
Fighting       | 5 |  5.5
Long Blades    | 5 |  5.5
Dodging        | 5 |  5.5
Translocations | 6 |  6.0

Action                   |  1- 3 |  4- 6 |  7- 9 || total
-------------------------+-------+-------+-------++-------
Melee: Falchion          |   127 |    80 |       ||   207
       Bite              |    12 |    24 |    11 ||    47
       Punch             |       |     4 |     1 ||     5
       Long sword        |       |   172 |   137 ||   309
Throw: Boomerang         |     4 |       |       ||     4
 Cast: Sting             |    11 |     6 |     6 ||    23
       Poisonous Vapours |       |    26 |       ||    26
       Manifold Assault  |       |     9 |    21 ||    30
       Blink             |       |       |     3 ||     3
       Vhi's Electric Ch |       |       |     6 ||     6
  Use: Scroll            |       |     4 |     4 ||     8
       Potion            |       |       |     1 ||     1
Armor: Leather armour    |    39 |    54 |    26 ||   119
Dodge: Dodged            |    85 |   153 |    57 ||   295
Block: Other             |       |    38 |    22 ||    60

Table legend: (Time is in decaauts)
 A = Elapsed time spent in this place.
 B = Non-inter-level travel time spent in this place.
 C = Inter-level travel time spent in this place.
 D = Time resting spent in this place.
 E = Time spent auto-exploring this place.
 F = Levels seen in this place.
 G = Mean time per level.
                   A        B        C        D        E       F      G
               +--------+--------+--------+--------+--------+-----+--------+
         Total |   4854 |   4770 |     84 |      0 |   3622 |   6 |  809.0 |
       Dungeon |   4318 |   4234 |     84 |      0 |   3302 |   5 |  863.6 |
       Ossuary |    536 |    536 |      0 |      0 |    320 |   1 |  536.0 |
               +--------+--------+--------+--------+--------+-----+--------+

Top non-repeatable levels by time:
     D:3: 1221 daAuts
     D:4: 994 daAuts
     D:2: 954 daAuts
     D:5: 775 daAuts
 Ossuary: 536 daAuts
     D:1: 372 daAuts
